 Dungeon Crawl Stone Soup version 0.22-a0-482-g76e0a5f (webtiles) character file.

6 Amnesiac the Grave Robber (level 1, 0/12 HPs)
             Began as a Deep Elf Necromancer on June 17, 2018.
             Slain by an adder (4 damage)
             ... on level 3 of the Dungeon.
             The game lasted 00:00:38 (393 turns).

Amnesiac the Grave Robber (Deep Elf Necromancer)     Turns: 393, Time: 00:00:39

Health: 0/12       AC:  2    Str:  5    XL:     1   Next: 75%
Magic:  2/6        EV: 13    Int: 19    God:
Gold:   0          SH:  0    Dex: 15    Spells: 5/6 levels left

rFire    . . .     SeeInvis .   (no weapon)
rCold    . . .     Gourm    .   (no shield)
rNeg     . . .     Faith    .   a - +0 robe
rPois    .         Spirit   .   (no helmet)
rElec    .         Reflect  .   (no cloak)
rCorr    .         Harm     .   (no gloves)
MR       .....                  (no boots)
Stlth    ++........             (no amulet)
HPRegen  0.04/turn              (no ring)
MPRegen  0.10/turn              (no ring)

@: no status effects
A: no striking features
a: no special abilities


You were on level 3 of the Dungeon.
You were not hungry.

You visited 1 branch of the dungeon, and saw 3 of its levels.

Inventory:

Armour
 a - a +0 robe (worn)
Potions
 d - a potion of lignification {!q, unknown}
Comestibles
 b - a chunk of flesh
 c - a ration


   Skills:
 + Level 1.1 Fighting
 - Level 2.4 Dodging
 - Level 2.4 Stealth
 - Level 3.0 Spellcasting
 - Level 4.8 Necromancy


You had 5 spell levels left.
You knew the following spells:

 Your Spells              Type           Power        Failure   Level  Hunger
a - Pain                  Necr           ###.         1%          1    None

Your spell library contained the following spells:

 Spells                   Type           Power        Failure   Level  Hunger
 Animate Dead             Necr           N/A          21%         4    ####...
 Animate Skeleton         Necr           N/A          1%          1    None
 Vampiric Draining        Necr           ###.......   6%          3    ###....
 Regeneration             Chrm/Necr      ##........   17%         3    ###....


Dungeon Overview and Level Annotations

Branches:
Dungeon (3/15)

Altars:


Message History

Confirm with . or Enter, or press ? or * to list all spells.
Aiming: Pain (safe; 1% risk of failure)
Press: ? - help, Shift-Dir - straight line, f - bat
Aim: a bat (resting, chance to defeat MR: 91%)
The bat writhes in agony!
The bat closely misses you.
Casting: Pain (safe; 1% risk of failure)
Confirm with . or Enter, or press ? or * to list all spells.
Aiming: Pain (safe; 1% risk of failure)
Press: ? - help, Shift-Dir - straight line, f/p - bat
Aim: a bat (heavily wounded, chance to defeat MR: 91%)
The bat writhes in agony!
You kill the bat!
Casting: Pain (safe; 1% risk of failure)
Confirm with . or Enter, or press ? or * to list all spells.
You can't see any susceptible monsters within range! (Use Z to cast anyway.)
You start resting.
Magic restored.
Found a stone staircase leading down.
Things that are here:
a club; a hobgoblin corpse You butcher the hobgoblin corpse.
b - a chunk of flesh
Things that are here:
a club; a hobgoblin skeleton
Things that are here:
a club; a hobgoblin skeleton
Found a short sword.
There is a stone staircase leading down here.
You climb downwards.
Found a fuming black potion.
There is a stone staircase leading up here.
You start resting.
HP restored.
d - a fuming black potion {!q} An adder and a kobold come into view.
There are monsters nearby!
Casting: Pain (safe; 1% risk of failure)
Confirm with . or Enter, or press ? or * to list all spells.
Aiming: Pain (safe; 1% risk of failure)
Press: ? - help, Shift-Dir - straight line, f - adder
Aim: an adder (resting, chance to defeat MR: 86%)
The adder hisses angrily.
The adder barely resists.
The kobold shouts!
You hear an angry hiss.
Casting: Pain (safe; 1% risk of failure)
Confirm with . or Enter, or press ? or * to list all spells.
Aiming: Pain (safe; 1% risk of failure)
Press: ? - help, Shift-Dir - straight line, f/p - adder
Aim: an adder (chance to defeat MR: 86%)
The adder writhes in agony!
The adder bites you.
* * * LOW HITPOINT WARNING * * *
Casting: Pain (safe; 1% risk of failure)
Confirm with . or Enter, or press ? or * to list all spells.
Aiming: Pain (safe; 1% risk of failure)
Press: ? - help, Shift-Dir - straight line, f/p - adder
Aim: an adder (moderately wounded, chance to defeat MR: 86%)
The adder writhes in agony!
The adder bites you but does no damage.
Casting: Pain (safe; 1% risk of failure)
Confirm with . or Enter, or press ? or * to list all spells.
Aiming: Pain (safe; 1% risk of failure)
Press: ? - help, Shift-Dir - straight line, f/p - adder
Aim: an adder (moderately wounded, chance to defeat MR: 86%)
The adder barely resists.
The adder bites you.
You die...

.. #. #.
# #. .#
#.##.##
###.....#
#....#..#
#.##S...#
#.#@...##
#....###
###..#
#..###
#....#
#<.#.#
####.# #


You could see an adder.

Vanquished Creatures
  A dart slug (D:1)
  A bat (D:2)
  A hobgoblin (D:2)
  A frilled lizard (D:1)
4 creatures vanquished.

Notes
Turn   | Place    | Note
-------+----------+-------------------------------------------
     0 | D:1      | Amnesiac the Deep Elf Necromancer began the quest for the Orb.
     0 | D:1      | Reached XP level 1. HP: 10/10 MP: 6/6
   330 | D:2      | Reached skill level 1 in Fighting
   393 | D:3      | Slain by an adder

Vault maps used:
D:1:      lightli_iron_boxes
D:2:      minmay_lizard_pond

Skill      XL: |  1 |
---------------+----+-----
Fighting       | 1 |  1.1
Dodging        | |  2.4
Stealth        | |  2.4
Spellcasting   | |  3.0
Necromancy     | |  4.8

Action                   || total
-------------------------++-------
 Cast: Pain              ||    13
Armor: Robe              ||     1
Dodge: Dodged            ||     1

Table legend:
 A = Spawn XP
 B = Non-spawn XP
 C = Spawn XP percentage of total XP
 D = Spawn monster count
 E = Non-spawn monster count
 F = Spawn count percentage of total count
 G = Total turns spent on level
                    A         B        C        D         E        F      G
               +---------+---------+-------+---------+---------+-------+---------
         Total |       0 |       9 |   0.0 |       0 |       4 |   0.0 |   393
               +---------+---------+-------+---------+---------+-------+---------
           D:1 |       0 |       5 |   0.0 |       0 |       2 |   0.0 |   328
           D:2 |       0 |       4 |   0.0 |       0 |       2 |   0.0 |    44
               +---------+---------+-------+---------+---------+-------+---------
